AoeStats
← LoadedStriker13

MegaRandom

510037255Analyzed
4v4 RM · 4d ago on Sep 29, 2026· 91m 48s· 8 players
Game mode
Random Map
Map size
Large (8 player)
Population
200
Speed
Normal
Resources
Standard
Victory
Conquest
Starting age
Dark Age
Ending age
Imperial Age
RankedLock teamsTeams togetherTeam positionsShared explorationLock speedFull tech treeHidden civsTurbo modeCheats
Victory
Defeat
🇲🇽 Chinese · Mexico
706
+18
🇲🇽 Khmer · Mexico
704
+8
🇲🇽 Hindustanis · Mexico
703
+8
🇲🇽 Byzantines · Mexico
630
+12
🇦🇺 Khmer · Australia
585
-10
🇻🇳 Huns · Vietnam
565
-11
🇨🇦 Britons · Canada
517
-9
🇨🇦 Spanish · Canada
424
-6
phucvaki
0:43 Loom
12:30 Feudal Age
17:04 Castle Age
18:07 Husbandry
18:45 Bloodlines
21:06 Double-Bit Axe
23:41 Stone Mining
23:42 Gold Mining
24:31 Wheelbarrow
23:40 Horse Collar
29:59 Fishing Lines
31:08 Marauders
31:17 Scale Barding Armor
35:56 Bow Saw
39:11 Imperial Age
37:24 Gold Shaft Mining
39:49 Elite Tarkan
40:51 Conscription
41:36 Chain Barding Armor
43:35 Caravan
48:19 Two-Man Saw
47:51 Heavy Plow
49:15 Squires
78:12 Pikeman
78:38 Arson
Sour
7:35 Loom
12:50 Feudal Age
18:16 Wheelbarrow
17:30 Double-Bit Axe
17:30 Horse Collar
20:16 Man-at-Arms
28:36 Castle Age
26:23 Town Watch
26:34 Arson
27:58 Scale Mail Armor
28:09 Forging
28:47 Long Swordsman
29:21 Fletching
30:09 Iron Casting
29:50 Chain Mail Armor
30:43 Squires
32:56 Hand Cart
32:57 Pikeman
34:17 Fletching
34:37 Elite Skirmisher
35:39 Town Patrol
39:21 Fishing Lines
40:16 Bow Saw
40:00 Gold Mining
40:02 Stone Mining
45:55 Imperial Age
44:09 Coinage
44:39 Medium Warships
48:01 Blast Furnace
47:42 Heavy Warships
47:37 Cavalier
47:46 Light Cavalry
49:22 Gillnets
53:28 Theocracy
52:19 Halberdier
60:43 Plate Mail Armor
60:19 Scale Barding Armor
60:15 Padded Archer Armor
60:11 Bodkin Arrow
59:42 Elite Conquistador
65:57 Stone Shaft Mining
69:17 Chemistry
71:33 Bracer
71:49 Leather Archer Armor
74:40 Chain Barding Armor
74:51 Ring Archer Armor
86:09 Inquisition
LoadedStriker13
11:40 Feudal Age
10:48 Loom
13:00 Horse Collar
17:03 Wheelbarrow
17:47 Man-at-Arms
21:43 Double-Bit Axe
26:11 Arson
34:45 Castle Age
35:17 Padded Archer Armor
35:28 Forging
35:19 Scale Mail Armor
35:10 Fletching
36:14 Crossbowman
36:20 Long Swordsman
36:48 Gambesons
37:04 Squires
36:44 Light Cavalry
41:02 Bow Saw
40:57 Heavy Plow
41:23 Gold Mining
43:00 Leather Archer Armor
43:07 Pikeman
43:17 Elite Skirmisher
55:14 Fortified Wall
57:57 Masonry
61:05 Imperial Age
58:53 Hand Cart
60:01 Ballistics
75:09 Imperial Age
73:09 Hand Cart
80:24 Arbalester
Odin
0:32 Loom
14:34 Feudal Age
15:51 Wheelbarrow
15:01 Town Watch
15:04 Double-Bit Axe
15:02 Horse Collar
15:32 Stone Mining
15:47 Gold Mining
20:37 Castle Age
18:54 Scale Mail Armor
19:00 Scale Barding Armor
18:57 Padded Archer Armor
19:22 Forging
21:47 Hand Cart
22:26 Town Patrol
26:10 Stone Shaft Mining
26:12 Gold Shaft Mining
26:09 Bow Saw
26:17 Heavy Plow
31:46 Coinage
31:16 Caravan
31:37 Man-at-Arms
31:37 Pikeman
32:03 Arson
34:47 Pikeman
34:49 Long Swordsman
38:58 Tusk Swords
41:22 Murder Holes
41:37 Fortified Wall
41:19 Heated Shot
41:40 Masonry
42:10 Iron Casting
41:51 Chain Mail Armor
41:56 Chain Barding Armor
41:52 Leather Archer Armor
41:27 Fletching
41:33 Fletching
45:22 Imperial Age
45:39 Elite Battle Elephant
46:54 Ring Archer Armor
46:19 Bodkin Arrow
47:25 Blast Furnace
46:30 Two-Handed Swordsman
46:31 Halberdier
47:10 Fishing Lines
48:28 Cavalier
49:09 Husbandry
48:30 Light Cavalry
52:22 Banking
53:46 Bracer
54:07 Chain Barding Armor
54:16 Siphons
55:13 Chemistry
54:46 Double Crossbow
54:21 Sappers
55:17 Conscription
56:18 Heavy Scorpion
66:42 Elite Ballista Elephant
69:38 Guard Tower
70:19 Architecture
70:38 Hoardings
GfJaiR
3:12 Loom
10:26 Feudal Age
11:14 Horse Collar
11:29 Double-Bit Axe
20:16 Castle Age
20:33 Stone Mining
21:29 Fletching
21:41 Padded Archer Armor
25:01 Medium Warships
26:23 Bow Saw
28:53 Elite Skirmisher
30:16 Wheelbarrow
31:32 Ballistics
32:54 Thumb Ring
36:44 Imperial Age
35:20 Bodkin Arrow
36:39 Hand Cart
38:27 Gold Mining
40:03 Gold Shaft Mining
40:35 Conscription
41:20 Two-Man Saw
42:04 Leather Archer Armor
41:55 Bracer
51:04 Heavy Warships
52:57 Careening
52:59 Clinker Construction
53:52 Chemistry
57:07 Dry Dock
57:09 Carvel Hull
59:27 Demolition Ship
59:52 Fishing Lines
62:13 Stone Shaft Mining
66:45 Ring Archer Armor
66:26 Forging
67:43 Shipwright
67:31 Siphons
crazy84aac
10:50 Feudal Age
9:05 Loom
13:10 Horse Collar
13:20 Double-Bit Axe
20:05 Forging
23:15 Wheelbarrow
22:37 Gold Mining
26:44 Castle Age
32:24 Bloodlines
34:16 Bow Saw
36:01 Stone Mining
36:09 Gold Mining
36:32 Scale Barding Armor
37:07 Iron Casting
36:14 Elite Skirmisher
38:40 Stone Shaft Mining
38:41 Gold Shaft Mining
38:56 Chain Barding Armor
42:28 Imperial Age
40:15 Hand Cart
41:31 Fletching
41:42 Padded Archer Armor
43:12 Leather Archer Armor
42:53 Bodkin Arrow
46:30 Chemistry
45:52 Ballistics
47:51 Plate Barding Armor
48:17 Blast Furnace
47:18 Bracer
47:49 Ring Archer Armor
49:10 Elite Ballista Elephant
50:17 Conscription
55:07 Elite Battle Elephant
65:03 Crossbowman
Cbabas10
0:31 Loom
10:35 Feudal Age
11:28 Double-Bit Axe
12:35 Wheelbarrow
12:41 Gold Mining
18:22 Fletching
18:33 Padded Archer Armor
19:06 Town Watch
23:31 Castle Age
22:35 Horse Collar
24:27 Bow Saw
26:10 Stone Mining
27:47 Gold Shaft Mining
27:50 Stone Shaft Mining
28:20 Bodkin Arrow
28:41 Leather Archer Armor
28:12 Crossbowman
32:15 Hand Cart
33:17 Heavy Plow
41:11 Imperial Age
39:48 Town Patrol
43:27 Ballistics
44:07 Chemistry
44:56 Elite Chu Ko Nu
45:47 Bracer
46:18 Ring Archer Armor
47:51 Conscription
50:50 Two-Man Saw
AIOROS
0:29 Loom
10:36 Feudal Age
12:23 Double-Bit Axe
14:02 Wheelbarrow
17:30 Forging
22:25 Castle Age
21:23 Scale Barding Armor
24:15 Husbandry
26:07 Iron Casting
25:57 Bloodlines
26:37 Gold Mining
26:39 Stone Mining
27:01 Bow Saw
26:35 Horse Collar
30:05 Chain Barding Armor
35:00 Murder Holes
40:51 Imperial Age
39:33 Hand Cart
41:31 Grand Trunk Road
41:54 Conscription
41:36 Shatagni
42:51 Blast Furnace
42:27 Plate Barding Armor
41:18 Heavy Camel Rider
42:12 Padded Archer Armor
43:58 Chemistry
43:25 Imperial Camel Rider
45:39 Ballistics
49:24 Siege Engineers
53:25 Caravan
54:58 Leather Archer Armor
64:32 Elite Ghulam
66:04 Thumb Ring
66:37 Scale Mail Armor
67:57 Chain Mail Armor
69:16 Ring Archer Armor
69:38 Masonry
69:24 Arson
69:39 Squires
74:09 Hoardings
89:29 Spies/Treason
Connection lost

Rejoining the realm…

Still unreachable

The connection could not be restored.

Session expired

The server has moved on; the page needs a fresh start.